 Dungeon Crawl Stone Soup version 0.29.1-4-g47bece8355 (webtiles) character file.

Game seed: 11865864327418575628

370316 VictoriousLee the Slayer (level 21, -2/188 HPs)
             Began as a Demonspawn Abyssal Knight on Nov 27, 2022.
             Was a Priest of Lugonu.
             Hit by a large rock thrown by Parghit (8 damage)
             ... on level 3 of the Depths on Dec 3, 2022.
             The game lasted 06:36:20 (59046 turns).

VictoriousLee the Slayer (DsAK)                    Turns: 59046, Time: 06:36:21

Health: -2/188     AC: 30    Str: 29      XL:     21   Next: 68%
Magic:  0/41       EV: 19    Int: 15 (16) God:    Lugonu [***...]
Gold:   2503       SH: 20    Dex: 16      Spells: 30/34 levels left

rFire   + + +      SeeInvis +   a - +6 long sword "Curuigun" {vamp, rC+ rN+}
rCold   + + .      Faith    .   U - +1 kite shield {rC+}
rNeg    + . .      Spirit   +   S - +3 fire dragon scales
rPois   +          Reflect  +   h - +3 hat of Pondering {ponderous, Will+ MP+10 Int+5}
rElec   +          Harm     .   j - +2 cloak
rCorr   +          Rampage  .   p - +2 pair of gloves of Eduff {rF+ rCorr}
Will    ++...                   i - +0 pair of boots of Noughts and Crosses {Str+4 Int+2}
Stlth   ..........              t - amulet of reflection
HPRegen 0.41/turn               v - ring of see invisible
MPRegen 0.54/turn               r - ring of Buckyfu {rPois rCorr Str+5 Int-3 Slay+4}

@: mighty, agile, glowing, slow
A: thin metallic scales 3, powered by pain 3, magic shield, magic regeneration,
magic link, demonic touch 2, horns 1, cold resistance 1, weak 1, inability to
drink after injury 1
}: 2/15 runes: serpentine, barnacled
a: Renounce Religion, Depart the Abyss, Bend Space, Banish


You were on level 3 of the Depths.
You worshipped Lugonu.
Lugonu was most pleased with you.
You visited 9 branches of the dungeon, and saw 40 of its levels.
You visited the Abyss 3 times.
You also visited: Trove, Bailey, Gauntlet and Wizlab.

You collected 5056 gold pieces.
You spent 2553 gold pieces at shops.

Inventory:

Hand Weapons
 a - the +6 long sword "Curuigun" (weapon) {vamp, rC+ rN+}
   (You found it on level 11 of the Dungeon)

   It occasionally heals its wielder for a portion of the damage dealt when it
   wounds a living foe.
   rC:        It protects you from cold.
   rN:        It protects you from negative energy.
 b - a +0 triple sword
 s - a +8 vorpal long sword
 y - a +5 long sword of draining
Missiles
 k - 5 atropa-tipped darts
 D - 5 throwing nets
 E - 11 silver javelins
 W - 9 curare-tipped darts
Armour
 h - the +3 hat of Pondering (worn) {ponderous, Will+ MP+10 Int+5}
   (You found it in a treasure trove)

   Int:       It affects your intelligence (+5).
   MP:        It affects your magic capacity (+10).
   Will:      It increases your willpower.
 i - the +0 pair of boots of Noughts and Crosses (worn) {Str+4 Int+2}
   (You acquired it on level 3 of the Shoals)

   Str:       It affects your strength (+4).
   Int:       It affects your intelligence (+2).
 j - a +2 cloak (worn)
 p - the +2 pair of gloves of Eduff (worn) {rF+ rCorr}
   (You found it in a treasure trove)

   rF:        It protects you from fire.
   rCorr:     It protects you from acid and corrosion.
 u - +0 ice dragon scales
 x - the +2 pair of boots of the Dragon {rPois Dex+2}
   (You found it on level 4 of the Snake Pit)

   Dex:       It affects your dexterity (+2).
   rPois:     It protects you from poison.
 R - a +0 plate armour of cold resistance
 S - +3 fire dragon scales (worn)
 U - a +1 kite shield of cold resistance (worn)
Jewellery
 d - a ring of positive energy
 g - the ring of Utejuile {Fire *Corrode Fly Int+8 Slay+2}
   (You found it in a Gauntlet)

   [ring of fire]

   It enhances your fire magic.
   Int:       It affects your intelligence (+8).
   Slay:      It affects your accuracy & damage with ranged weapons and melee
   (+2).
   rF:        It protects you from fire.
   rC:        It makes you vulnerable to cold.
   Fly:       It grants you flight.
   *Corrode:  It may corrode you when you take damage.
 m - a ring of wizardry
 o - a ring of positive energy
 r - the ring of Buckyfu (right hand) {rPois rCorr Str+5 Int-3 Slay+4}
   (You took it off a minotaur in a Gauntlet)

   [ring of slaying]

   Str:       It affects your strength (+5).
   Int:       It affects your intelligence (-3).
   Slay:      It affects your accuracy & damage with ranged weapons and melee
   (+4).
   rPois:     It protects you from poison.
   rCorr:     It protects you from acid and corrosion.
 t - an amulet of reflection (around neck)
 v - a ring of see invisible (left hand)
 J - a ring of willpower
 O - a ring of willpower
 Z - a ring of protection from cold
Wands
 l - a wand of polymorph (6)
 z - a wand of charming (30)
 F - a wand of digging (19)
 G - a wand of light (7)
 Q - a wand of flame (17)
 T - a wand of roots (12)
 V - a wand of mindburst (1)
Scrolls
 c - 8 scrolls of enchant armour
 e - 2 scrolls of poison
 f - 9 scrolls of fear
 q - 27 scrolls of teleportation
 B - 2 scrolls of magic mapping
 C - 2 scrolls of silence
 H - a scroll of blinking
 I - 6 scrolls of fog
 M - 6 scrolls of enchant weapon
 X - a scroll of summoning
Potions
 n - a potion of cancellation
 w - 2 potions of resistance
 K - 7 potions of curing
 N - 2 potions of heal wounds
 Y - a potion of brilliance
Miscellaneous
 L - a phantom mirror (inert)
 P - a phial of floods


   Skills:
 - Level 21.8 Fighting
 - Level 16.0 Long Blades
 - Level 11.0 Armour
 - Level 9.0 Dodging
 - Level 16.0 Shields
 - Level 7.0 Spellcasting
 + Level 8.9 Necromancy
 * Level 4.8 Translocations
 - Level 7.1 Transmutations
 - Level 13.0 Invocations
 - Level 10.0 Evocations


You had 30 spell levels left.
You knew the following spells:

 Your Spells              Type           Power      Damage    Failure   Level
a - Wereblood             Tmut           26%        N/A       3%          2
b - Blink                 Tloc           38%        N/A       10%         2

Your spell library contained the following spells:

 Spells                   Type           Power      Damage    Failure   Level
 Beastly Appendage        Tmut           52%        N/A       2%          1
 Animate Dead             Necr           32%        N/A       12%         4
 Dispel Undead            Necr           32%        3d14      12%         4
 Gell's Gravitas          Tloc           19%        N/A       19%         3
 Lesser Beckoning         Tloc           19%        N/A       19%         3
 Teleport Other           Tloc           19%        N/A       19%         3
 Spider Form              Tmut/Pois      16%        N/A       32%         3
 Agony                    Necr           32%        N/A       32%         5
 Magic Dart               Conj           20%        1d4       43%         1
 Ignite Poison            Fire/Tmut/Pois 12%        N/A       47%         3
 Poisonous Vapours        Pois/Air       10%        N/A       56%         2
 Searing Ray              Conj           10%        2d4       56%         2
 Static Discharge         Conj/Air       5%         3-4/arc   56%         2
 Blade Hands              Tmut           13%        N/A       56%         5
 Ice Form                 Ice/Tmut       16%        N/A       71%         4
 Call Canine Familiar     Summ           5%         N/A       80%         3
 Confusing Touch          Hex            5%         N/A       80%         3
 Dazzling Flash           Conj/Hex       10%        N/A       80%         3
 Frozen Ramparts          Ice            10%        1d2       80%         3
 Mephitic Cloud           Conj/Pois/Air  5%         N/A       80%         3
 Corpse Rot               Necr/Pois/Air  14%        N/A       80%         4
 Iskenderun's Mystic Bla  Conj/Tloc      12%        2d5       86%         4
 Manifold Assault         Tloc           19%        N/A       87%         5
 Irradiate                Conj/Tmut      8%         3d14      96%         5
 Yara's Violent Unravell  Hex/Tmut       8%         3d5       96%         5
 Fulminant Prism          Conj/Hex       2%         3d6       99%         4
 Sticky Flame             Conj/Fire      5%         2d3       99%         4
 Summon Ice Beast         Ice/Summ       5%         N/A       99%         4
 Fireball                 Conj/Fire      2%         3d4       100%        5
 Freezing Cloud           Conj/Ice/Air   2%         6-21      100%        5
 Iskenderun's Battlesphe  Conj           5%         2d6       100%        5
 Silence                  Hex/Air        2%         N/A       100%        5
 Conjure Ball Lightning   Conj/Air       2%         3x3d6     100%        6
 Dispersal                Tloc           9%         N/A       100%        6
 Summon Cactus Giant      Summ           2%         N/A       100%        6
 Dragon Form              Tmut           13%        N/A       100%        7
 Enfeeble                 Hex            2%         N/A       100%        7
 Haunt                    Necr/Summ      9%         N/A       100%        7
 Malign Gateway           Summ/Tloc      6%         N/A       100%        7
 Orb of Destruction       Conj           2%         9d5       100%        7
 Storm Form               Tmut/Air       8%         N/A       100%        7
 Discord                  Hex            2%         N/A       100%        8
 Disjunction              Tloc           9%         N/A       100%        8
 Infestation              Necr           16%        N/A       100%        8


Dungeon Overview and Level Annotations

Branches:
Dungeon (15/15)            Temple (0/1) D:7            Lair (5/5) D:11
 Shoals (4/4) Lair:2        Snake (4/4) Lair:2        Slime (0/5) Lair:5
    Orc (2/2) D:11            Elf (2/3) Orc:2        Vaults (4/5) D:13
  Crypt (1/3) Vaults:2     Depths (3/4) D:15         Bailey (visited)
 WizLab (visited)         Gauntlet (visited)

Altars:
Kikubaaqudgha
Okawaru
Qazlal
Ru
Sif Muna
Trog
Vehumet
Wu Jian
Yredelemnul

Shops:
D:9 :   Orc:2 =(=*   Elf:1 ??   Elf:2 *   Snake:1 *(?   Snake:2 =:=
Depths:2 :

Portals:
Hell: Depths:1 Depths:2
Abyss: Depths:2 Depths:3
Pandemonium: Depths:2 Depths:3
Ziggurat: Depths:3

Annotations:
Lair:5 exclusion: 3 oklob plants
Shoals:3 6 transporters
Elf:1 corrupted
Elf:2 corrupted, 2 runed translucent doors
Depths:2 corrupted
Depths:3 Parghit


Innate Abilities, Weirdness & Mutations

You are completely covered in thin metallic scales. (AC +4, rElec)
You are powered by pain.
When hurt, damage is shared between your health and your magic reserves.
You regenerate magic rapidly.
When low on magic, you restore magic in place of health.
Your touch may inflict irresistible damage on your foes.
You have a pair of small horns on your head.
Your flesh is cold resistant. (rC+)
You are weak. (Str -2)
You occasionally lose the ability to drink potions when taking damage.


Message History

You slash Parghit!
Parghit is moderately wounded.
You feel a sense of dread.
a - the +6 long sword "Curuigun" (weapon)
{vamp, rC+ rN+} You flicker for a moment.
Parghit closely misses you. Parghit claws you.
* * * LOW HITPOINT WARNING * * *
You block Parghit's attack.
Parghit barely misses Parghit.
Parghit claws Parghit.
Parghit claws Parghit but does no damage.
You catch the helpless Parghit completely off-guard!
You slice Parghit!!
You feel better.
You headbutt Parghit!
Parghit is heavily wounded.
Parghit bites Parghit.
Parghit claws Parghit but does no damage.
Parghit claws Parghit.
You block Parghit's attack. Parghit claws you!
* * * LOW HITPOINT WARNING * * *
Parghit claws you!
* * * LOW HITPOINT WARNING * * *
You strike the helpless Parghit from behind!
You slash Parghit!
You feel better.
Parghit is heavily wounded.
Unknown command.
You barely miss Parghit.
Parghit is heavily wounded.
Parghit closely misses Parghit.
Parghit claws Parghit but does no damage.
Parghit closely misses Parghit.
Parghit bites you!
* * * LOW HITPOINT WARNING * * *
Parghit claws you!
* * * LOW HITPOINT WARNING * * *
Parghit claws you but does no damage. Space bends violently around you!
You blink.
Found a robe.
Parghit throws a large rock.
The large rock hits Parghit but does no damage.
Parghit bites Parghit!!
Parghit claws Parghit.
Parghit claws Parghit but does no damage.
You flicker back into view.
Parghit throws a large rock.
The large rock hits you!
You die...

#......................
#.......<..............
#......................
########+##............
### #######+###### #..
.# ####### #.##.#
......# #....## ###...#
##.@#..## #.#.#
##.#####[..#
#.#.#######..#AA.#....
#.#....T.T..##.∩.##...
#+########)..#...#..+#
..........#####....
............#......
>..................
.........).......


You could see Parghit and 2 angels.

Vanquished Creatures
  Mara (Shoals:3)
  Saint Roka (Depths:2)
  Vashnia (Snake:3)
  A caustic shrike (Depths:3)
  A golden dragon (Depths:3)
  Mlioglotl (Snake:1)
  5 liches
  A walking frostbound tome (Depths:3)
  A sphinx (Shoals:4)
  A tentacled starspawn (WizLab)
  A shadow dragon (Depths:3)
  A tengu reaver (Vaults:3)
  Kirke (Lair:5)
  7 frost giants
  5 fire giants
  9 nagarajas
  Aizul (Snake:2)
  A deep elf sorcerer (Elf:1)
  A balrug (Depths:3)
  A ghoul (Crypt:1)
  3 orc warlords
  12 vault wardens
  4 spectral caustic shrikes (Depths:2)
  3 spriggan defenders
  2 reapers
  11 ironbound preservers
  2 war gargoyles
  9 stone giants
  15 very ugly things
  9 ironbound thunderhulks
  2 vampire knights
  A deep elf annihilator (Vaults:4)
  4 minotaurs
  2 dire elephants
  4 spark wasps (D:15)
  3 ettins
  A merfolk javelineer (Shoals:4)
  A merfolk impaler (Shoals:4)
  An eidolon (Crypt:1)
  10 fire dragons
  A deep elf death mage (Elf:1)
  3 crystal guardians
  Josephine (D:12)
  12 yaktaur captains
  4 ice dragons
  5 great orbs of eyes
  6 hydras
  6 rakshasas
  4 peacekeepers
  3 salamander tyrants
  8 vault guards
  A spriggan air mage (Depths:3)
  The ghost of Bomullae the Thaumaturge, a journeyman GnHW of Sif Muna (Orc:1)
  6 ironbound frosthearts
  11 boulder beetles
  An ogre mage (D:15)
  3 merfolk avatars
  11 centaur warriors
  11 anacondas
  A merfolk aquamancer (Shoals:3)
  A death knight (Crypt:1)
  5 two-headed ogres
  A deep troll shaman (Depths:1)
  16 dancing weapons
  8 satyrs (Shoals:4)
  10 deep troll earth magi
  15 naga warriors
  4 orc high priests (Orc:2)
  3 spriggan berserkers
  12 tengu warriors
  2 vampire magi
  2 thrashing horrors
  13 naga sharpshooters
  5 shock serpents
  Urug (Orc:1)
  6 deep elf knights
  2 sun demons
  6 iron trolls
  2 storm dragon zombies (Depths:2)
  A skeletal warrior (Crypt:1)
  2 salamander mystics (Snake:4)
  A sixfirhy (Depths:3)
  A flayed ghost (D:13)
  7 deep elf archers
  10 sea snakes
  7 glowing orange brains
  5 naga ritualists
  30 deep trolls
  6 wizards
  Pikel (D:7)
  6 lindwurms
  21 deep elf pyromancers
  A phantasmal warrior (Crypt:1)
  18 ironbound convokers
  8 mana vipers
  15 harpies
  15 orc knights
  6 orc sorcerers
  4 necromancers
  11 cyclopes
  19 deep elf zephyrmancers
  A wolf spider (D:13)
  16 fauns
  23 ugly things
  14 manticores
  9 salamanders
  A tengu skeleton (Depths:2)
  A will-o-the-wisp (Abyss:3)
  2 worldbinders (WizLab)
  7 guardian serpents
  2 elephants (Lair:5)
  A rust devil (Depths:2)
  8 merfolk sirens
  2 orange demons
  45 black mambas
  11 vault sentinels
  A guardian serpent (shapeshifter) (D:15)
  A smoke demon (WizLab)
  3 water nymphs
  10 naga magi
  2 gargoyles
  11 cane toads
  A kobold demonologist (D:13)
  2 demonic crawlers
  8 komodo dragons
  20 yaktaurs
  2 freezing wraiths
  5 rime drakes
  3 tengu conjurers
  An ancient zyme (Abyss:2)
  14 merfolk
  A spriggan skeleton (Depths:2)
  2 red devils
  A wolf spider simulacrum (Gauntlet)
  5 polar bears
  A sphinx simulacrum (Depths:2)
  2 hornets
  2 large abominations
  8 trolls
  A hornet (shapeshifter) (D:13)
  24 slime creatures
  3 raiju (Abyss:3)
  6 snapping turtles
  A dream sheep (shapeshifter) (Elf:2)
  5 blink frogs
  10 dream sheep
  2 wind drakes
  6 starcursed masses
  Sigmund (D:3)
  A spriggan (Depths:2)
  4 air elementals
  5 shadows
  9 wraiths
  5 wyverns
  3 vampires
  7 water elementals
  3 hogs (Lair:5)
  A basilisk (shapeshifter) (D:13)
  A ynoxinul (Abyss:2)
  4 fire elementals
  A golden eye (Abyss:2)
  Grum (D:9)
  7 basilisks
  A chaos spawn (Depths:3)
  8 vampire mosquitoes
  33 yaks
  A redback (shapeshifter) (D:13)
  A steam dragon (D:7)
  A redback simulacrum (Gauntlet)
  2 neqoxecs
  11 wargs
  Menkaure (D:7)
  43 nagas
  3 acid dragons
  3 small abominations
  A floating eye (Depths:2)
  16 water moccasins
  A sky beast (D:6)
  A swamp drake (shapeshifter) (D:8)
  4 black bears
  A glowing shapeshifter skeleton (Depths:2)
  2 ice beasts
  45 orc warriors
  An ice dragon simulacrum (Gauntlet)
  4 boggarts
  17 ogres
  2 centaurs (D:10)
  7 wolves
  2 lemures (D:7)
  2 phantoms
  3 kobold brigands
  12 bullfrogs
  3 gnoll sergeants
  2 necrophages
  2 scorpions
  6 wights
  12 killer bees
  4 electric eels
  4 howler monkeys
  5 gnoll boudas
  9 hounds
  A jelly (D:4)
  29 orc priests
  Terence (Abyss:3)
  21 orc wizards
  Ijyb (D:3)
  4 iguanas
  9 hell rats
  2 boggart simulacra (Gauntlet)
  31 gnolls
  8 river rats (Lair:4)
  6 adders
  A white imp (D:6)
  2 ufetubi
  A worm (D:4)
  3 dart slugs (D:1)
  118 orcs
  6 ball pythons
  5 bats
  7 endoplasms
  8 goblins
  9 hobgoblins
  6 jackals (D:2)
  15 kobolds
  6 quokkas
  3 frilled lizards
  11 rats
  A lurking horror (WizLab)
  3 plants (Shoals:3)
1503 creatures vanquished.

Vanquished Creatures (collateral kills)
  2 crystal guardians (Vaults:4)
2 creatures vanquished.

Vanquished Creatures (others)
  A tentacled monstrosity (Depths:2)
  A deep elf blademaster (Elf:2)
  A tengu reaver (Depths:2)
  2 fire giants
  A vault warden (Vaults:3)
  A stone giant (Depths:2)
  A deep elf demonologist (Elf:2)
  An ettin (Depths:2)
  A yaktaur captain (Vaults:3)
  A spriggan air mage (Depths:2)
  A naga warrior (Snake:4)
  6 dancing weapons
  A death yak (shapeshifter) (Depths:2)
  16 deep elf knights
  2 deep trolls (Vaults:3)
  A glowing orange brain (Depths:2)
  3 deep elf archers (Elf:2)
  11 deep elf zephyrmancers
  8 deep elf pyromancers
  A merfolk siren (Shoals:4)
  A vault sentinel (Vaults:3)
  An unseen horror (D:13)
  A yaktaur (Vaults:3)
  A tengu conjurer (Depths:2)
  An air elemental (Elf:1)
  A water elemental (Shoals:4)
  A human (Lair:5)
  2 orc wizards
  A bat (D:1)
  32 fungi
  122 plants
  16 starspawn tentacles
241 creatures vanquished.

Grand Total: 1746 creatures vanquished

Notes
Turn   | Place    | Note
-------+----------+-------------------------------------------
     0 | Abyss:1  | VictoriousLee the Demonspawn Abyssal Knight began the quest
                  | for the Orb.
     0 | Abyss:1  | Reached XP level 1. HP: 18/18 MP: 2/2
     2 | Abyss:1  | Found a corrupted altar of Lugonu.
    34 | Abyss:2  | Noticed a thrashing horror
    35 | D:1      | Escaped the Abyss
   173 | D:1      | Reached ** piety under Lugonu
   474 | D:1      | Gained mutation: You sometimes gain a little power by
                  | taking damage. [demonic ancestry]
   474 | D:1      | Reached XP level 2. HP: 20/24 MP: 3/3
   801 | D:1      | Gained mutation: Your touch may inflict minor irresistible
                  | damage on your foes. [demonic ancestry]
   801 | D:1      | Reached XP level 3. HP: 27/29 MP: 4/4
  1636 | D:2      | Reached XP level 4. HP: 35/35 MP: 5/5
  2011 | D:3      | Noticed Sigmund
  2017 | D:3      | Gained mutation: Your spells are a little harder to cast,
                  | but a little more powerful. [potion of mutation]
  2017 | D:3      | Gained mutation: You are clumsy. (Dex -2) [potion of
                  | mutation]
  2017 | D:3      | Gained mutation: Your flesh is heat resistant. (rF+)
                  | [potion of mutation]
  2017 | D:3      | Gained mutation: You have sharp toenails. [potion of
                  | mutation]
  2026 | D:3      | Killed Sigmund
  2027 | D:3      | Reached skill level 5 in Long Blades
  2027 | D:3      | Reached XP level 5. HP: 41/41 MP: 6/6
  2130 | D:3      | Reached *** piety under Lugonu
  2256 | D:3      | Found a faded altar of an unknown god.
  2327 | D:3      | Noticed Ijyb
  2350 | D:3      | Killed Ijyb
  2351 | D:3      | Gained mutation: You regenerate magic rapidly. [demonic
                  | ancestry]
  2351 | D:3      | Reached XP level 6. HP: 47/47 MP: 7/7
  2479 | D:3      | Found an ornate altar of the Wu Jian Council.
  2524 | D:3      | Noticed Terence
  2529 | D:3      | Banished Terence
  3365 | D:4      | Gained mutation: You are partially covered in thin metallic
                  | scales. (AC +2) [demonic ancestry]
  3365 | D:4      | Reached XP level 7. HP: 52/52 MP: 8/8
  3698 | D:4      | Found an iron altar of Okawaru.
  3801 | D:5      | Entered Level 5 of the Dungeon
  3858 | D:5      | Reached XP level 8. HP: 47/58 MP: 9/9
  4095 | D:5      | Found a shimmering blue altar of Sif Muna.
  4112 | D:5      | Reached **** piety under Lugonu
  4607 | D:5      | Identified the +1 chain mail of the Jabberwock {Will+
                  | Regen+ MP+9 Dex-5}
  4794 | D:6      | Reached skill level 10 in Long Blades
  5022 | D:6      | Found a basalt altar of Yredelemnul.
  5304 | D:6      | Reached skill level 5 in Invocations
  5304 | D:6      | Gained mutation: Your touch may inflict irresistible damage
                  | on your foes. [demonic ancestry]
  5304 | D:6      | Reached XP level 9. HP: 58/63 MP: 12/12
  5307 | D:7      | Noticed a cyclops
  5328 | D:7      | Killed a cyclops
  5524 | D:7      | Found a sacrificial altar of Ru.
  5739 | D:7      | Found a staircase to the Ecumenical Temple.
  5818 | D:7      | Noticed Pikel
  5840 | D:7      | Killed Pikel
  5946 | D:7      | Noticed Menkaure
  5954 | D:7      | Killed Menkaure
  6417 | D:8      | Found a flagged portal.
  6497 | D:8      | Found a radiant altar of Vehumet.
  6504 | D:8      | Reached XP level 10. HP: 70/70 MP: 16/16
  6521 | Bailey   | Entered a bailey
  6882 | D:8      | Reached ***** piety under Lugonu
  6921 | D:8      | Identified the +6 trident of Psychosis {flame, Str+3 Dex+3}
  6956 | D:8      | Found a bloodstained altar of Trog.
  7282 | D:9      | Found an ancient bone altar of Kikubaaqudgha.
  7282 | D:9      | Noticed a two-headed ogre
  7286 | D:9      | Banished a two-headed ogre
  7365 | D:9      | Found Zuargh's Book Boutique.
  7538 | D:9      | Found the +7 staff of the Meek {protect, meekguard}
  7560 | D:9      | Noticed Grum
  7572 | D:9      | Killed Grum
  8040 | D:10     | Entered Level 10 of the Dungeon
  8105 | D:10     | Reached skill level 1 in Shields
  8151 | D:10     | Reached skill level 4 in Fighting
  8210 | D:10     | Gained mutation: You sometimes gain power by taking damage.
                  | [demonic ancestry]
  8210 | D:10     | Reached XP level 11. HP: 73/78 MP: 17/17
  8241 | D:10     | Reached skill level 5 in Fighting
  8754 | D:10     | Found a radiant altar of Vehumet.
  8906 | D:11     | Noticed a boulder beetle
  8940 | D:11     | Killed a boulder beetle
  8941 | D:11     | Reached skill level 6 in Fighting
  9088 | D:11     | Found a staircase to the Lair.
  9367 | D:11     | Reached skill level 7 in Fighting
  9438 | D:11     | Identified the +6 long sword "Curuigun" {vamp, rC+ rN+}
  9571 | D:11     | Found a staircase to the Orcish Mines.
 10170 | D:9      | Bought a book of Changes for 252 gold pieces
 10175 | D:9      | Learned a level 2 spell: Wereblood
 10210 | D:12     | Noticed a boulder beetle
 10295 | D:11     | Killed a boulder beetle
 10390 | D:12     | Noticed a two-headed ogre
 10399 | D:12     | Banished a two-headed ogre
 10578 | D:12     | Noticed a cyan ugly thing
 10600 | D:12     | Killed a cyan ugly thing
 10637 | D:12     | Gained mutation: You have hidden genetic potential. [a
                  | neqoxec]
 10638 | D:12     | Gained mutation: Your magical capacity is low. (-10% MP) [a
                  | neqoxec]
 10640 | D:12     | Reached skill level 5 in Transmutations
 10701 | D:12     | Noticed a two-headed ogre
 10702 | D:12     | Banished a two-headed ogre
 11143 | Lair:1   | Entered Level 1 of the Lair of Beasts
 11336 | Lair:1   | Gained mutation: When hurt, damage is shared between your
                  | health and your magic reserves. [demonic ancestry]
 11336 | Lair:1   | Reached XP level 12. HP: 91/91 MP: 16/16
 11462 | Lair:1   | Reached skill level 1 in Spellcasting
 12200 | Lair:2   | Found a staircase to the Shoals.
 12365 | Lair:2   | Reached skill level 5 in Spellcasting
 12398 | Lair:2   | Found a stormy altar of Qazlal.
 12415 | Lair:2   | Identified the +1 robe of Annysmost {rF++}
 12490 | Lair:2   | Found a staircase to the Snake Pit.
 12812 | Lair:2   | Gained mutation: You have a pair of small horns on your
                  | head. [hidden potential]
 13276 | Lair:3   | Lost mutation: You have hidden genetic potential. [potion
                  | of mutation]
 13276 | Lair:3   | Lost mutation: Your spells are a little harder to cast, but
                  | a little more powerful. [potion of mutation]
 13276 | Lair:3   | Gained mutation: Your spells are a little easier to cast,
                  | but a little less powerful. [potion of mutation]
 13276 | Lair:3   | Lost mutation: You have sharp toenails. [potion of
                  | mutation]
 13276 | Lair:3   | Gained mutation: Your flesh is cold resistant. (rC+)
                  | [potion of mutation]
 13277 | Lair:3   | Lost mutation: Your magical capacity is low. (-10% MP)
                  | [potion of mutation]
 13277 | Lair:3   | Lost mutation: You are clumsy. (Dex -2) [potion of
                  | mutation]
 13277 | Lair:3   | Lost mutation: Your flesh is heat resistant. (rF+) [potion
                  | of mutation]
 13277 | Lair:3   | Lost mutation: Your spells are a little easier to cast, but
                  | a little less powerful. [potion of mutation]
 13358 | Lair:3   | Found a gate leading to a gauntlet.
 13407 | Gauntlet | Entered a Gauntlet
 13407 | Gauntlet | Found a transporter.
 13407 | Gauntlet | Found a transporter.
 13407 | Gauntlet | Found a transporter.
 13423 | Gauntlet | Found a transporter.
 13427 | Gauntlet | Found a transporter.
 13430 | Gauntlet | Noticed a dire elephant
 13437 | Gauntlet | Found a transporter.
 13441 | Gauntlet | Found a transporter.
 13456 | Gauntlet | Found a transporter.
 13475 | Gauntlet | Found a transporter.
 13492 | Gauntlet | Found a transporter.
 13496 | Gauntlet | Found a transporter.
 13499 | Gauntlet | Noticed a reaper
 13506 | Gauntlet | Found a transporter.
 13616 | Gauntlet | Identified the ring of Utejuile {Fire *Corrode Fly Int+8
                  | Slay+2}
 13641 | Gauntlet | Reached skill level 8 in Fighting
 13646 | Gauntlet | Identified the +4 pair of gloves of the Mind {rElec rF-
                  | Dex+3}
 13673 | Gauntlet | Identified the ring of Buckyfu {rPois rCorr Str+5 Int-3
                  | Slay+4}
 13673 | Gauntlet | Noticed a minotaur
 13692 | Gauntlet | Killed a minotaur
 14006 | Lair:3   | Reached skill level 9 in Fighting
 14288 | Lair:3   | Noticed a four-headed hydra
 14289 | Lair:3   | Banished a four-headed hydra
 14290 | Lair:3   | Reached skill level 5 in Shields
 14290 | Lair:3   | Reached XP level 13. HP: 102/102 MP: 23/23
 14697 | Lair:4   | Reached skill level 10 in Fighting
 15404 | Lair:5   | Entered Level 5 of the Lair of Beasts
 15417 | Lair:5   | Noticed a dire elephant
 15443 | Lair:5   | Killed a dire elephant
 15552 | Lair:5   | Reached skill level 11 in Fighting
 15603 | Lair:5   | Paralysed by a hornet for 1 turns
 15831 | Lair:5   | Reached ****** piety under Lugonu
 15982 | Lair:5   | Reached skill level 12 in Fighting
 15983 | Lair:5   | Noticed Kirke
 16019 | Lair:5   | Killed Kirke
 16187 | Lair:5   | Found a staircase to the Slime Pits.
 16428 | Lair:5   | Found the +7 captain's cutlass {speed, disarm}
 16469 | Lair:5   | Identified the +4 ring mail of the Salmon {Str+4}
 16632 | Lair:5   | Reached skill level 13 in Fighting
 16793 | Orc:1    | Entered Level 1 of the Orcish Mines
 16846 | Orc:1    | Reached XP level 14. HP: 118/118 MP: 24/24
 17165 | Orc:1    | Identified the +8 great mace "Vicis" {vorpal, Fly}
 17165 | Orc:1    | Noticed Bomullae's ghost (journeyman GnHW)
 17166 | Orc:1    | Found a transporter.
 17173 | Orc:1    | Found a transporter.
 17347 | Orc:2    | Entered Level 2 of the Orcish Mines
 17680 | Orc:2    | Found Qercheoruk's Jewellery Boutique.
 17844 | Orc:2    | Found Bareepn's Antique Weapon Shop.
 17961 | Orc:2    | Bought a transparent falchion for 232 gold pieces
 17961 | Orc:2    | Identified the +3 falchion of the Feather {drain, Contam
                  | rPois Int+5} (You bought it in a shop on level 2 of the
                  | Orcish Mines)
 18189 | Orc:2    | Found a staircase to the Elven Halls.
 18259 | Orc:2    | Reached skill level 10 in Invocations
 18434 | Orc:2    | Reached skill level 5 in Armour
 18493 | Orc:2    | Noticed an orc warlord
 18517 | Orc:2    | Killed an orc warlord
 18798 | Orc:2    | Found Wihuluh's Jewellery Shoppe.
 18867 | Orc:2    | Found Neale's General Store.
 18960 | Orc:1    | Noticed Urug
 18972 | Orc:1    | Killed Urug
 19214 | Orc:1    | Killed Bomullae's ghost
 19554 | D:13     | Noticed Josephine
 19570 | D:12     | Killed Josephine
 19571 | D:12     | Reached skill level 14 in Fighting
 19736 | D:13     | Found a gate to the Vaults.
 19923 | D:13     | Gained mutation: You are mostly covered in thin metallic
                  | scales. (AC +3) [demonic ancestry]
 19923 | D:13     | Reached XP level 15. HP: 127/127 MP: 25/25
 20058 | D:13     | Reached skill level 15 in Fighting
 20597 | D:13     | Found a portal to a secret trove of treasure.
 20605 | D:13     | Got the Folio of the Compass
 20731 | Shoals:1 | Entered Level 1 of the Shoals
 20906 | Shoals:1 | Reached skill level 16 in Fighting
 21367 | Shoals:2 | Identified a scroll of acquirement
 21970 | Shoals:3 | Found a transporter.
 22056 | Shoals:3 | Noticed Mara
 22060 | Shoals:3 | Noticed VictoriousLee's illusion
 22149 | Shoals:3 | Found a transporter.
 22334 | Shoals:3 | Found a transporter.
 22344 | Shoals:3 | Found a transporter.
 22344 | Shoals:3 | Found a transporter.
 22795 | D:13     | You paid a toll of 2 scrolls of acquirement to enter a
                  | treasure trove
 22796 | Trove    | Entered a treasure trove
 22801 | Trove    | Found the +3 hat of Pondering {ponderous, Will+ MP+10
                  | Int+5}
 22811 | Trove    | Identified the +2 pair of gloves of Eduff {rF+ rCorr}
 22816 | Trove    | Identified the +7 double sword of Defilement {spect,
                  | Fragile rN+ MP+9 SInv}
 23052 | Shoals:3 | Found a transporter.
 23147 | Shoals:3 | Acquired the +0 pair of boots of Noughts and Crosses {Str+4
                  | Int+2}
 23306 | Shoals:3 | Noticed VictoriousLee's illusion
 23314 | Shoals:3 | Killed Mara
 23534 | Shoals:4 | Entered Level 4 of the Shoals
 24307 | Shoals:4 | Gained mutation: When low on magic, you restore magic in
                  | place of health. [demonic ancestry]
 24307 | Shoals:4 | Reached XP level 16. HP: 139/139 MP: 26/26
 24505 | Shoals:4 | Reached skill level 15 in Long Blades
 24896 | Shoals:4 | Noticed a sphinx
 24914 | Shoals:4 | Killed a sphinx
 25107 | Shoals:4 | Reached skill level 10 in Armour
 25436 | Shoals:4 | Got a barnacled rune of Zot
 26586 | D:15     | Entered Level 15 of the Dungeon
 26618 | D:15     | Reached skill level 17 in Fighting
 26677 | D:15     | Found a radiant altar of Vehumet.
 26834 | D:15     | Found a staircase to the Depths.
 27740 | D:15     | Reached skill level 18 in Fighting
 27746 | D:15     | Identified the +6 executioner's axe of Impeachment {vamp,
                  | rN++ MP+9}
 28160 | Snake:1  | Entered Level 1 of the Snake Pit
 28461 | Snake:1  | Noticed Mlioglotl
 28468 | Snake:1  | Killed Mlioglotl
 28663 | Snake:1  | Gained mutation: You are completely covered in thin
                  | metallic scales. (AC +4, rElec) [demonic ancestry]
 28663 | Snake:1  | Reached XP level 17. HP: 139/151 MP: 27/27
 28955 | Snake:1  | Found Weghaec's General Store.
 28956 | Snake:1  | Found Yboheim's Weapon Shoppe.
 28962 | Snake:1  | Found Remoomok's Magic Scroll Emporium.
 29282 | Snake:2  | Found Mapro's Jewellery Shop.
 29283 | Snake:2  | Found Haluneih's Book Shoppe.
 29285 | Snake:2  | Found Gibafaqa's Jewellery Shop.
 29424 | Snake:2  | You are sucked into a shaft and drop 1 floor!
 29426 | Snake:3  | Noticed Vashnia
 29471 | Snake:3  | Killed Vashnia
 29472 | Snake:3  | Reached skill level 19 in Fighting
 30522 | Snake:2  | Noticed Aizul
 30550 | Snake:2  | Killed Aizul
 30951 | Snake:1  | Upgraded the game from 0.29.1-2-gbd0b4ee654 to
                  | 0.29.1-4-g47bece8355
 32794 | Snake:4  | Entered Level 4 of the Snake Pit
 32878 | Snake:4  | Identified the +2 pair of boots of the Dragon {rPois Dex+2}
 33498 | Snake:4  | Reached skill level 10 in Shields
 34111 | Snake:4  | Reached XP level 18. HP: 160/160 MP: 28/28
 35047 | Snake:4  | Got a serpentine rune of Zot
 35370 | Snake:1  | Bought a potion of curing for 42 gold pieces
 35372 | Snake:1  | Bought 6 silver boomerangs for 126 gold pieces
 35699 | Elf:1    | Entered Level 1 of the Elven Halls
 35702 | Elf:1    | Corrupted Elf:1
 35855 | Vaults:1 | Entered Level 1 of the Vaults
 37813 | Vaults:2 | Found a staircase to the Crypt.
 37813 | Vaults:2 | Found a basalt altar of Yredelemnul.
 37814 | Vaults:2 | Found an ancient bone altar of Kikubaaqudgha.
 37841 | Vaults:2 | You are sucked into a shaft and drop 1 floor!
 37993 | Vaults:2 | Reached skill level 15 in Shields
 38089 | Vaults:2 | Found a magical portal.
 38123 | WizLab   | Entered The Roulette of Golubria
 38123 | WizLab   | Found a transporter.
 38302 | WizLab   | Found a corrupted altar of Lugonu.
 38339 | WizLab   | Found a transporter.
 38358 | WizLab   | Found a corrupted altar of Lugonu.
 38377 | WizLab   | Found a transporter.
 38406 | WizLab   | Found a transporter.
 38475 | WizLab   | Found a transporter.
 38497 | WizLab   | Found a transporter.
 38525 | WizLab   | Found a transporter.
 38670 | WizLab   | Found a transporter.
 38755 | WizLab   | Found a transporter.
 38773 | WizLab   | Found a transporter.
 38790 | WizLab   | Found a transporter.
 38797 | WizLab   | Found a transporter.
 39093 | Vaults:2 | Gained mutation: You are powered by pain. [demonic
                  | ancestry]
 39093 | Vaults:2 | Reached XP level 19. HP: 104/166 MP: 27/29
 41072 | Vaults:3 | Reached skill level 20 in Fighting
 41184 | Vaults:3 | Identified the +1 chain mail of Lifelessness {*Slow rC+++
                  | Str+4 Dex-4}
 41262 | Vaults:3 | HP: 4/170 [deep troll[an ironbound preserver] (6)]
 42287 | Vaults:4 | Reached skill level 21 in Fighting
 43893 | Vaults:4 | Reached XP level 20. HP: 182/182 MP: 30/30
 44240 | Elf:1    | Reached skill level 1 in Dodging
 44648 | Elf:1    | Reached skill level 5 in Dodging
 44851 | Elf:1    | Found Nattot's Magic Scroll Shop.
 44855 | Elf:1    | Found Mastaviy's Magic Scroll Shop.
 44855 | Elf:1    | You are sucked into a shaft and drop 1 floor!
 44878 | Elf:2    | Corrupted Elf:2
 44936 | Elf:2    | Found a large runed translucent door.
 44936 | Elf:2    | Found a large runed translucent door.
 44939 | Elf:2    | Found a large runed translucent door.
 45374 | Elf:2    | Found a large runed translucent door.
 45430 | Elf:2    | HP: 7/182 [+4 glaive of protection (8)]
 45430 | Elf:2    | HP: 1/182 [+2 glaive of venom (6)]
 45467 | Elf:2    | HP: 7/182 [+4 glaive of protection (2)]
 45943 | Elf:2    | Found Akhlus's General Store.
 46418 | Elf:2    | Paralysed by an air elemental for 1 turns
 47246 | Elf:1    | Bought a scroll of blinking for 82 gold pieces
 47246 | Elf:1    | Bought 2 scrolls of teleportation for 66 gold pieces
 47246 | Elf:1    | Bought a scroll of teleportation for 33 gold pieces
 47246 | Elf:1    | Bought a scroll of fog for 44 gold pieces
 47667 | Elf:1    | Got Zupsel's Tome of Summoned Arcane Weapons
 48078 | Orc:2    | Bought a phantom mirror for 640 gold pieces
 48078 | Orc:2    | Bought a potion of haste for 160 gold pieces
 48078 | Orc:2    | Bought a scroll of fear for 64 gold pieces
 48250 | Snake:1  | Bought a scroll of fog for 48 gold pieces
 48250 | Snake:1  | Bought a scroll of fear for 48 gold pieces
 48250 | Snake:1  | Bought a scroll of teleportation for 36 gold pieces
 48795 | Abyss:2  | Paralysed by accursed screaming for 1 turns
 48798 | Abyss:2  | Reached skill level 1 in Evocations
 48822 | Abyss:2  | Paralysed by accursed screaming for 1 turns
 48834 | Abyss:3  | Killed Terence
 48967 | Abyss:3  | Paralysed by accursed screaming for 1 turns
 48991 | D:13     | Escaped the Abyss
 49402 | Abyss:3  | Gained mutation: You are weak. (Str -2) [a neqoxec]
 49407 | D:13     | Escaped the Abyss
 49872 | Crypt:1  | Entered Level 1 of the Crypt
 50456 | Depths:1 | Entered Level 1 of the Depths
 50862 | D:15     | Reached skill level 5 in Evocations
 51318 | Depths:1 | Paralysed by something for 5 turns
 52189 | Depths:1 | Found a gateway to Hell.
 52991 | Depths:1 | Identified the +1 ring mail "Oloexuwi" {rPois Str-4 Dex+2}
 53567 | Depths:1 | Reached XP level 21. HP: 170/185 MP: 31/31
 53779 | Depths:2 | Noticed Saint Roka
 53799 | Depths:2 | Killed Saint Roka
 54570 | Depths:2 | Reached skill level 10 in Evocations
 54587 | Depths:2 | Reached skill level 1 in Necromancy
 55621 | Depths:2 | Reached skill level 5 in Necromancy
 55778 | Depths:2 | Found a one-way gate to the infinite horrors of the Abyss.
 56781 | Depths:2 | Corrupted Depths:2
 57363 | Depths:2 | Found Corch's Book Shop.
 57367 | Depths:2 | Bought an Inescapable Atlas for 680 gold pieces
 57370 | Depths:2 | Learned a level 2 spell: Blink
 57674 | Depths:2 | Reached skill level 1 in Translocations
 57740 | Depths:2 | Found a one-way gate leading to the halls of Pandemonium.
 57752 | Depths:2 | Gained mutation: You occasionally lose the ability to drink
                  | potions when taking damage. [a neqoxec]
 58503 | Depths:3 | Noticed a golden dragon
 58528 | Depths:3 | Killed a golden dragon
 58658 | Depths:3 | Noticed a caustic shrike
 58670 | Depths:3 | Killed a caustic shrike
 58976 | Depths:3 | Found a one-way gateway to a ziggurat.
 58995 | Depths:3 | Noticed Parghit
 59042 | Depths:3 | HP: 8/188 [Parghit (12)]
 59046 | Depths:3 | Hit by a large rock thrown by Parghit

Illustrated notes

Levels and vault maps discovered:
D:1:      lightli_iron_boxes, layout_basic, minmay_heptomino_w4
D:2:      layout_loops_cross, serial_aquarium, aquarium_bridge_long_separate
          [aquarium_subvault_bridge, aquarium_subvault_window,
          aquarium_subvault_bridge, aquarium_subvault_bridge,
          aquarium_subvault_bridge, aquarium_subvault_wall],
          aquarium_bridge_straight [aquarium_subvault_bridge,
          aquarium_subvault_window, aquarium_subvault_bridge,
          aquarium_subvault_wall], aquarium_window_corner, aquarium_window_2,
          aquarium_window_1, aquarium_window_corner, aquarium_view_2f,
          aquarium_view_2d
D:3:      layout_loops_ring, mainiacjoe_overflow_concentric_impassable,
          hellmonk_ecumenical_altar_defaced_shrine, uniq_ijyb, uniq_terence,
          uniq_sigmund
D:4:      layout_rooms, okawaru_gym_becter
D:5:      layout_cave_pools, nicolae_sif_muna_little_library,
          minmay_tree_intersection, nicolae_grassy_gnolls
D:6:      layout_cave_pools, kennysheep_ying_yang
D:7:      layout_cave_pods, kennysheep_mini_moat,
          mainiacjoe_overflow_tiny_flanked, minmay_temple_entry_poolview,
          uniq_pikel, uniq_menkaure
D:8:      layout_gridville, enter_bailey_5, dreamdust_wishing_well,
          hangedman_feature_mirror
D:9:      layout_big_octagon, mainiacjoe_overflow_alcove_4, serial_gnoll_camp,
          grums_kennel, gnoll_camp_mini_sergeant, gnoll_camp_mini_shop,
          gnoll_camp_mini_hut, nicolae_straight_to_the_point
D:10:     hellmonk_crumbling_castle, layout_basic,
          nicolae_overflow_hidden_temple, kennysheep_generic_room_6
D:11:     layout_layer_cave, erik_lair_island, orc_0_dummy,
          eino_small_chamber_without_monster, hangedman_decor_peaks_small
D:12:     layout_gridville
D:13:     nzn_winding_woodlands_medium [nzn_winding_woodlands_5x5_perimeter,
          nzn_winding_woodlands_5x15_split_checker,
          nzn_winding_woodlands_5x5_closed_star,
          nzn_winding_woodlands_5x5_three, nzn_winding_woodlands_center_garden,
          nzn_winding_woodlands_5x5_default, nzn_winding_woodlands_5x5_default,
          nzn_winding_woodlands_5x15_cabin,
          nzn_winding_woodlands_5x5_open_star], layout_cave_pools,
          david_vaults_4, nicolae_trove_entry_diagonal,
          einodemon_crawler_minivault, uniq_josephine
D:14:     layout_basic, interstate_on_off
D:15:     hangedman_depths_entry_civil_slaughter, layout_basic, serial_rivers,
          chequers_serial_rivers_micro_c, chequers_serial_rivers_micro_e,
          chequers_serial_rivers_small_3, chequers_serial_rivers_small_b,
          chequers_serial_rivers_small_a, chequers_serial_rivers_marsh,
          fiery_altar_vehumet, special_room [special_room_orc],
          evilmike_minifort
Lair:1:   layout_cave_pods, serial_bayou_shore_b, grunt_megastairs_2
Lair:2:   layout_cave_pods, minmay_shoals_entry_hut,
          minmay_snake_entry_six_corridors, basic_altar, serial_bayou_pond_b
Lair:3:   layout_loops_ring, gauntlet_entry_generic, serial_bayou_shore_a
Lair:4:   layout_hall_layers, kennysheep_abandoned_house
Lair:5:   gammafunk_lair_ancient_temple, layout_regular_city, slime_entry_1,
          dpeg_oklob_1, uniq_kirke
Shoals:1: layout_shoals, nicolae_shoals_so_close
Shoals:2: layout_shoals, nicolae_shoals_stone_sculpture_thing
Shoals:3: layout_shoals, serial_nicolae_subway, nicolae_sub_station_metal,
          nicolae_sub_station_stone, nicolae_sub_station_crystal, uniq_mara
Shoals:4: shoals_end_hellmonk_lost_city, serial_shops
Snake:1:  layout_onion, nicolae_snake_serpentine_bazaar, uniq_mlioglotl
Snake:2:  nicolae_aizul_guard, layout_basic, minmay_shop_grove
Snake:3:  layout_misc_corridors, nicolae_triple_integral, uniq_aizul,
          uniq_vashnia
Snake:4:  minmay_snake_end_coiled, layout_basic
Orc:1:    layout_caves, gammafunk_ghost_smash, uniq_urug
Orc:2:    pubby_orc_utopia
Elf:1:    elf_arrival_002, layout_geoelf_grid, minmay_elf_sorcery,
          nrook_loot_triangle, minmay_shop_star
Elf:2:    elven_hall_of_blades_hangedman_alternative
          [nicolae_blade_entry_splitting_headache], layout_gridlike,
          serial_shops, shop
Vaults:1: nicolae_vaults_little_ls, hangedman_vaults_maws, v_misc_24,
          ontoclasm_vaults_pinch, hangedman_vaults_corner,
          nicolae_vaults_specimen_jars, vaults_room_door_hall,
          nicolae_vaults_puzzle_piece, v_misc_9, v_misc_11, st_cross,
          v_alt_pattern_4, layout_vaults_omnibox
Vaults:2: mu_enter_wizlab_2, minmay_crypt_entry_necro_gods,
          ontoclasm_vaults_ligature, v_misc_26, nicolae_vaults_back_hallway,
          v_misc_29, hangedman_vaults_stretched_pinwheel,
          ontoclasm_vaults_misaligned, grunt_vaults_diagonal, vaults_room_pools,
          layout_vaults_big_room
Vaults:3: hangedman_vaults_trim, grunt_vaults_trifunnel,
          vaults_standard_mumra_enter_the_diamond, hangedman_vaults_unwind,
          vaults_dpeg_emergency_exit, v_rooms_5, nicolae_vaults_halls_meeting,
          ontoclasm_vaults_shuriken, nicolae_vaults_mini_display_case,
          v_misc_19, vaults_dpeg_ring, layout_vaults_omnicross
Vaults:4: hangedman_vaults_restitches, v_misc_23, v_pattern_5,
          vaults_room_semicircle, vaults_room_semicircle,
          ontoclasm_vaults_claustrophobia, v_misc_14, vaults_mumra_lcd,
          grunt_vaults_bifocal, vaults_room_door_ring, v_misc_30, st_more_cells,
          ontoclasm_vaults_ring_square, layout_vaults_maze_snakey
Crypt:1:  layout_misc_corridors, lemuel_mausoleum_altar_yredelemnul,
          grunt_crypt_arrival_webbed, grunt_megastairs_5, uniq_boris
Depths:1: layout_small_grid, hangedman_decor_growths, pf_hell_entry_great_geh,
          serial_sigils_hangedman_gut, zin_academy, serial_bayou_shore_b
Depths:2: kennysheep_green_arena, layout_gridlike, pf_hell_entry_tar_river,
          rand_demon_pan_entry_4, serial_shops, shop, abyss_entry,
          minmay_staircase_statues, grunt_megastairs_3, uniq_saint_roka
Depths:3: minmay_tri_box, layout_gridlike, enter_ziggurat_d,
          rand_demon_pan_entry_7, abyss_entry, hell_entry, uniq_parghit

Skill      XL: |  1  2  3  4  5  6  7  8  9 10 11 12 13 14 15 16 17 18 19 20 21 |
---------------+----------------------------------------------------------------+-----
Long Blades    | 2 3 5 7 8 10 12 14 16 | 16.0
Invocations    | 5 8 10 11 13 | 13.0
Shields        | 2 4 5 7 8 10 15 16 | 16.0
Fighting       | 4 7 9 13 14 16 18 19 21 | 21.8
Transmutations | 7 |  7.1
Spellcasting   | 7 |  7.0
Armour         | 2 7 9 10 11 | 11.0
Dodging        | 9 |  9.0
Evocations     | 8 10 | 10.0
Necromancy     | 8 |  8.9
Translocations | 4 |  4.8

Action                   |  1- 3 |  4- 6 |  7- 9 | 10-12 | 13-15 | 16-18 | 19-21 || total
-------------------------+-------+-------+-------+-------+-------+-------+-------++-------
Melee: Falchion          |    17 |       |       |       |       |       |       ||    17
       Dagger            |    75 |    99 |   152 |       |     9 |       |       ||   335
       Touch             |     4 |     1 |       |       |       |       |       ||     5
       Punch             |     1 |       |       |       |       |       |       ||     1
       Kick              |       |    20 |    80 |   262 |       |       |       ||   362
       Long sword        |       |       |   173 |  1045 |  1280 |  1086 |  2335 ||  5919
       Headbutt          |       |       |       |    35 |   405 |   492 |   820 ||  1752
       Cutlass           |       |       |       |       |    57 |       |       ||    57
       Unarmed           |       |       |       |       |     3 |       |       ||     3
       Double sword      |       |       |       |       |    89 |   491 |       ||   580
 Cast: Wereblood         |       |       |       |     9 |    45 |    35 |    37 ||   126
Invok: Depart the Abyss  |     1 |       |       |       |       |       |     2 ||     3
       Banish            |       |       |       |    12 |     1 |     6 |    15 ||    34
       Bend Space        |       |       |       |     4 |       |     5 |     6 ||    15
       Corrupt           |       |       |       |       |       |     1 |     2 ||     3
       Enter the Abyss   |       |       |       |       |       |       |     2 ||     2
Evoke: Wand              |       |       |     2 |    11 |    19 |     6 |     3 ||    41
       Lightning rod     |       |       |       |       |     5 |       |       ||     5
       Phial of floods   |       |       |       |       |       |     2 |     1 ||     3
       Phantom mirror    |       |       |       |       |       |       |     2 ||     2
  Use: Potion            |       |     6 |     2 |    13 |    12 |    18 |    15 ||    66
       Scroll            |       |       |    10 |     9 |    14 |     5 |    10 ||    48
 Stab: Sleeping          |     2 |       |       |       |       |       |       ||     2
       Invisible         |       |       |     2 |     1 |     9 |     4 |     9 ||    25
       Distracted        |       |       |       |       |     1 |     1 |       ||     2
Armor: Leather armour    |    14 |       |       |       |       |       |       ||    14
       Ring mail         |    16 |    21 |    33 |       |       |       |       ||    70
       Skin              |       |     4 |       |       |       |       |       ||     4
       Chain mail        |       |       |   114 |   374 |   458 |       |       ||   946
       Plate armour      |       |       |       |       |    87 |   646 |   596 ||  1329
       Fire dragon scale |       |       |       |       |       |       |   230 ||   230
Dodge: Dodged            |    61 |    27 |    89 |   347 |   302 |   255 |   530 ||  1611
Block: Other             |     3 |     1 |       |       |     1 |       |       ||     5
       Buckler           |       |    20 |    92 |   312 |       |       |       ||   424
       Reflection        |       |     2 |     1 |     4 |    53 |   196 |    67 ||   323
       Kite shield       |       |       |       |    32 |   995 |  1208 |  1750 ||  3985
